Map: Divergence LE

Players

ChelUbey

  • Race: Zerg Zerg
  • League: Diamond
  • Spawn Location: 5:00

тело

  • Race: Terran Terran
  • League: Platinum
  • Spawn Location: 5:00

Massa - Winner!

  • Race: Terran Terran
  • League: Gold
  • Spawn Location: 11:00

qqq - Winner!

  • Race: Zerg Zerg
  • League: Platinum
  • Spawn Location: 11:00

VOD

Have the link to the VOD?

Description

Time

  • Played on: May 11, 2020, 6:50 a.m.
  • Length: 9:52
Show
View Real Time Build Order
Export as new Build Order

ChelUbey Zerg 

Build Orders: Pool First, Zergling Baneling 

Get SALT Encoding   

  12  0:01  Drone  
  13  0:08  Drone  
  14  0:25  Spawning Pool  
  13  0:29  Drone  
  13  0:34  Extractor  
  13  0:35  Drone  
  14  0:43  Overlord  
  14  1:01  Drone  
  14  1:02  Drone  
  14  1:03  Drone  
  17  1:11  Queen  
  17  1:13  Zergling x2  
  20  1:23  Overlord  
  20  1:41  Metabolic Boost  
  20  1:53  Zergling x2  
  21  1:55  Hatchery  
  21  1:56  Zergling x2  
  21  2:00  Zergling x2  
  22  2:07  Zergling x2  
  23  2:17  Zergling x2  
  23  2:20  Zergling x4  
  23  2:21  Zergling x2  
  27  2:33  Overlord  
  27  2:42  Drone  
  28  2:51  Overlord  
  28  2:53  Drone  
  28  2:54  Drone, Overlord  
  30  3:07  Queen  
  30  3:09  Drone  
  33  3:13  Drone  
  33  3:15  Spine Crawler  
  33  3:20  Baneling Nest  
  31  3:27  Drone  
  31  3:29  Zergling x6  
  31  3:33  Drone  
  36  3:41  Spine Crawler  
  35  3:52  Overlord x2  
  27  4:04  Zergling x2  
  27  4:05  Zergling x4  
  27  4:07  Baneling x3  
  29  4:10  Zergling x2  
  29  4:13  Zergling x2  
  29  4:16  Zergling x2  
  32  4:18  Baneling  
  32  4:19  Baneling  
  31  4:35  Zergling x4  
  31  4:37  Baneling x3  
  33  4:41  Zergling x6  
  33  4:52  Spine Crawler  
  30  5:04  Zergling x10  
  33  5:11  Queen  
  33  5:35  Drone x2  
  33  5:36  Drone  
  33  5:40  Lair  
  33  5:42  Extractor  
  34  5:45  Drone  
  34  5:46  Roach Warren  
  34  5:49  Drone  
  28  6:13  Zergling x6  
  28  6:16  Zergling x4  
  28  6:17  Zergling x2  
  32  6:21  Zergling x4  
  32  6:24  Zergling x2  
  30  6:35  Zergling x6  
  30  6:42  Spine Crawler  
  30  6:43  Drone x3  
  30  6:44  Drone  
  30  6:48  Baneling x2  
  30  6:49  Baneling  
  30  6:51  Baneling  
  30  6:53  Baneling  
  30  6:55  Baneling  
  28  7:21  Zergling x6  
  28  7:22  Queen  
  27  7:26  Spine Crawler  
  27  7:28  Spine Crawler  
  27  7:41  Zergling x6  
  30  7:44  Baneling  
  30  7:46  Baneling x2  
  30  7:49  Baneling  
  30  7:57  Zergling x4  
  30  8:15  Spire  
  30  8:16  Drone  
  24  8:29  Zergling x6  
  27  8:38  Drone x2  
  29  8:57  Zergling x10  
  29  9:09  Queen, Zergling x2  
  30  9:17  Baneling  
  25  9:34  Zergling x8  
Show
View Real Time Build Order
Export as new Build Order

тело Terran 

Build Orders:  

Get SALT Encoding   

  12  0:01  SCV  
  13  0:13  SCV  
  14  0:21  Supply Depot  
  14  0:25  SCV  
  15  0:43  SCV  
  15  0:44  Barracks  
  16  0:55  SCV  
  17  1:07  SCV  
  18  1:19  SCV  
  19  1:32  Refinery, Orbital Command  
  19  1:33  Refinery  
  19  1:37  Marine  
  20  1:42  Command Center  
  19  2:09  Barracks  
  19  2:12  Barracks  
  19  2:19  SCV  
  20  2:24  Supply Depot  
  20  2:31  SCV  
  21  2:43  SCV  
  22  3:05  Bunker  
  22  3:06  Bunker  
  22  3:08  Marine x3  
  22  3:10  Engineering Bay  
  25  3:20  SCV  
  25  3:21  SCV  
  25  3:26  Marine x2  
  25  3:27  Marine  
  30  3:43  Planetary Fortress  
  30  3:44  Marine x3  
  30  3:45  SCV  
  34  4:02  Marine  
  19  4:34  SCV x2  
  21  4:38  Marine x2  
  21  4:39  Marine  
  24  4:46  SCV x2  
  26  4:56  Marine x3  
  26  4:58  SCV x2  
  31  5:10  SCV x2  
  31  5:13  Factory  
  33  5:14  Marine  
  33  5:17  Factory  
  30  5:38  Marine x3  
  33  5:45  SCV x2  
  35  5:51  Command Center  
  33  6:08  Marine x2  
  33  6:12  SCV x2  
  33  6:15  Widow Mine, Hellion  
  39  6:24  SCV  
  37  6:33  Bunker  
  37  6:36  Hellion  
  37  6:37  Hellion  
  41  6:42  Bunker  
  38  6:51  Marine x3  
  37  7:17  SCV x2  
  34  7:27  Factory Tech Lab  
  34  7:29  SCV x2  
  34  7:34  Hellion  
  35  7:39  Marine x2  
  35  7:52  Supply Depot  
  35  7:53  Supply Depot  
  35  7:56  Hellion  
  35  7:57  Marine x2  
  35  7:58  Siege Tank  
  38  8:11  SCV x2  
  40  8:14  Marine  
  40  8:15  Marine  
  40  8:17  Widow Mine  
  44  8:23  SCV  
  45  8:32  Barracks, Command Center  
  45  8:34  Barracks  
  45  8:38  Widow Mine  
  41  8:49  SCV  
  41  8:50  SCV  
  41  8:53  Siege Tank  
  42  9:02  SCV x2  
  41  9:14  SCV  
  39  9:22  Marine x2  
Show
View Real Time Build Order
Export as new Build Order

Massa Terran - Winner!

Build Orders:  

Get SALT Encoding   

  12  0:12  Supply Depot  
  12  0:13  SCV  
  13  0:25  SCV  
  14  0:35  Barracks  
  14  0:37  SCV  
  15  0:48  Supply Depot  
  15  0:49  SCV  
  16  1:02  SCV  
  17  1:06  Barracks  
  17  1:18  Barracks  
  17  1:21  SCV  
  17  1:24  Marine  
  19  1:33  SCV  
  20  1:43  Barracks  
  20  1:45  SCV  
  20  1:46  Marine  
  22  2:05  Marine x2  
  22  2:06  Marine  
  25  2:11  Refinery  
  25  2:22  Orbital Command  
  25  2:23  Marine x3  
  28  2:31  Marine  
  29  2:41  Marine x2  
  31  2:57  Marine x2  
  33  2:59  Marine x2  
  33  3:00  Supply Depot  
  33  3:03  Supply Depot  
  35  3:12  Supply Depot  
  35  3:15  Marine x2  
  35  3:16  Marine  
  38  3:31  Marine  
  38  3:33  Marine x2  
  41  3:34  Marine  
  42  3:53  Marine x3  
  42  3:54  Marine  
  43  4:11  Marine x3  
  43  4:12  Marine  
  45  4:29  Marine x3  
  45  4:30  Marine  
  32  4:47  Marine x4  
  36  4:53  Factory  
  32  5:04  Marine  
  32  5:05  Marine x3  
  35  5:22  Marine x3  
  35  5:25  Marine  
  32  5:40  Factory Tech Lab, Marine x3  
  35  5:43  Marine  
  36  5:58  Marine x3  
  36  6:01  Marine  
  40  6:16  Marine x3  
  43  6:19  Marine  
  43  6:22  Siege Tank  
  47  6:34  Marine x3  
  47  6:37  Marine  
  51  6:54  Siege Tank  
  36  7:39  Marine x3  
  36  7:40  Marine  
  36  7:43  Siege Tank  
  41  7:47  Command Center  
  41  7:48  SCV  
  42  7:57  Marine x4  
  46  8:00  SCV  
  47  8:12  SCV  
  48  8:15  Marine x4  
  52  8:24  SCV  
  47  8:33  Marine x4  
  51  8:50  Marine  
  51  8:51  Marine x3  
  55  9:08  Marine x2  
  55  9:22  Marine x2  
  57  9:26  Marine x2  
Show
View Real Time Build Order
Export as new Build Order

qqq Zerg - Winner!

Build Orders: Hatch First 

Get SALT Encoding   

  12  0:01  Drone  
  13  0:08  Drone  
  14  0:39  Hatchery  
  13  0:51  Spawning Pool  
  12  0:57  Overlord  
  12  1:03  Drone  
  13  1:07  Drone  
  13  1:10  Extractor  
  13  1:14  Drone  
  14  1:20  Drone  
  15  1:34  Drone  
  15  1:38  Queen  
  18  1:44  Drone  
  19  1:52  Zergling x2  
  19  1:53  Drone  
  21  2:02  Queen  
  21  2:06  Zergling x2  
  24  2:14  Metabolic Boost  
  24  2:25  Zergling x6  
  24  2:28  Zergling x2  
  28  2:34  Overlord  
  28  2:42  Overlord  
  28  2:52  Drone  
  28  2:53  Drone  
  28  2:54  Zergling x2  
  31  2:59  Zergling x2  
  31  3:03  Baneling Nest  
  31  3:06  Drone  
  31  3:12  Zergling x2  
  33  3:13  Zergling x2  
  33  3:16  Zergling x2  
  33  3:19  Zergling x2  
  36  3:29  Zergling x4  
  36  3:31  Overlord  
  38  3:36  Zergling x2  
  38  3:47  Zergling x8  
  35  4:10  Zergling x4  
  35  4:11  Zergling x12  
  34  4:45  Zergling x6  
  36  4:48  Baneling x6  
  35  4:58  Zergling x2  
  35  4:59  Zergling x10  
  38  5:00  Drone, Zergling x4  
  38  5:11  Zergling x2  
  38  5:12  Zergling x2  
  38  5:25  Zergling x4  
  40  5:36  Baneling  
  40  5:37  Baneling x2  
  40  5:38  Zergling x2  
  40  5:39  Zergling x2  
  42  5:51  Zergling x2  
  42  5:52  Zergling x2  
  44  6:01  Zergling x8  
  41  6:13  Zergling x6  
  41  6:14  Zergling x2  
  38  6:29  Zergling x6  
  40  6:42  Zergling x6  
  42  6:47  Zergling x4  
  36  7:14  Zergling x6  
  36  7:15  Zergling x8  
  39  7:28  Zergling x6  
  41  7:30  Zergling x6  
  43  7:57  Zergling x2  
  32  8:06  Zergling x12  
  38  8:13  Zergling x6  
  38  8:14  Zergling x4  
  43  8:27  Lair  
  43  8:28  Drone  
  43  8:30  Overlord x2  
  43  8:42  Hatchery  
  39  8:54  Zergling x8  
  39  8:55  Zergling x8  
  42  9:20  Zergling x4  
  38  9:33  Zergling x2  
  38  9:35  Zergling x4  
Tags
 
Add a new tag
Caveats
  • Supply blocks, unpowered buildings, or Contaminate may cause inaccurate times.
  • Supply counts are checked every 10 seconds.